 Dungeon Crawl Stone Soup version 0.24.0-1-gfbc8707 (webtiles) character file.

Game seed: 3058609520074523877, levelgen mode: deterministic

93 Buxparty the Chopper (level 4, 0/35 HPs)
             Began as a Mummy Fighter on Jan 7, 2020.
             Slain by a gnoll
             ... wielding a +0 halberd
              (12 damage)
             ... on level 3 of the Dungeon.
             The game lasted 00:02:31 (1460 turns).

Buxparty the Chopper (Mummy Fighter)                Turns: 1460, Time: 00:02:31

Health: 0/35       AC:  7    Str: 20    XL:     4   Next: 37%
Magic:  4/4        EV:  7    Int:  7    God:
Gold:   90         SH:  9    Dex: 11    Spells: 3/3 levels left

rFire    x . .     SeeInvis .   a - +0 war axe
rCold    + . .     Gourm    .   c - +0 shield
rNeg     + + +     Faith    .   b - +0 scale mail
rPois    ∞         Spirit   .   (no helmet)
rElec    .         Reflect  .   (no cloak)
rCorr    .         Harm     .   (no gloves)
MR       .....                  f - +0 pair of boots
Stlth    ..........             (no amulet)
HPRegen  0.11/turn              (no ring)
MPRegen  0.09/turn              (no ring)

@: no status effects
A: no food or potions, fire vulnerability, cold resistance 1, negative energy
resistance 3, torment resistance, unbreathing
a: no special abilities


You were on level 3 of the Dungeon.
You were not hungry.

You visited 1 branch of the dungeon, and saw 3 of its levels.

You collected 90 gold pieces.

Inventory:

Hand Weapons
 a - a +0 war axe (weapon)
Missiles
 e - a throwing net (quivered)
Armour
 b - a +0 scale mail (worn)
 c - a +0 shield (worn)
 f - a +0 pair of boots (worn)
Jewellery
 i - a cursed ring of attention {unknown}
Scrolls
 d - a scroll of remove curse {unknown}
 g - a scroll of blinking {unknown}
 h - a scroll of identify {unknown}
 j - a scroll of fear {unknown}


   Skills:
 - Level 3.0 Fighting
 * Level 3.3 Axes
 - Level 2.4 Armour
 + Level 3.1 Shields


You had 3 spell levels left.
You didn't know any spells.
Your spell library was empty.

Dungeon Overview and Level Annotations

Branches:
Dungeon (3/15)

Altars:
Qazlal


Innate Abilities, Weirdness & Mutations

You do not eat or drink.
Your flesh is vulnerable to fire.
You are immune to poison.
Your flesh is cold resistant. (rC+)
You are immune to negative energy. (rN+++)
You are immune to unholy pain and torment.
You can survive without breathing.


Message History

You slash the ooze!
You kill the ooze!
You hit the gnoll.
The gnoll hits you with a +1 flail of crushing!
The gnoll closely misses you.
You are too injured to fight recklessly!
You are too injured to fight recklessly!
You are too injured to fight recklessly!
You slash the gnoll!
You kill the gnoll!
An orc comes into view. It is wielding a +0 short sword.
The gnoll closely misses you.
Things that are here:
a +1 flail of crushing; a gnoll corpse; an adder corpse 2 gnolls come into view.
The gnoll shouts!
The gnoll hits you but does no damage.
Your shield and scale mail prevent you from hitting the gnoll.
The gnoll hits you with a +0 halberd!
You die...

#.......... #...<##....
.######........## #
..............#.. #.###
########)#######.#
#.....#......#..........
#...#.#....#....######
###..........#...##..###
..g...g@)..#.#..##.##.##
..go..####.#.#..#_#†##.#
...##......#.#..####.##.
. #.........#..##..###
################## #


You could see 3 gnolls and an orc.

Vanquished Creatures
  An adder (D:3)
  4 gnolls
  2 oozes (D:3)
  A worm (D:2)
  A leopard gecko (D:2)
  A giant cockroach (D:1)
  3 hobgoblins
  3 jackals (D:2)
  A quokka (D:2)
  7 bats
  3 frilled lizards
  3 goblins
  2 kobolds (D:1)
  5 rats
37 creatures vanquished.

Notes
Turn   | Place    | Note
-------+----------+-------------------------------------------
     0 | D:1      | Buxparty the Mummy Fighter began the quest for the Orb.
     0 | D:1      | Reached XP level 1. HP: 18/18 MP: 1/1
   192 | D:1      | Reached XP level 2. HP: 24/24 MP: 2/2
   795 | D:2      | Reached XP level 3. HP: 26/29 MP: 3/3
  1344 | D:3      | Found a stormy altar of Qazlal.
  1350 | D:3      | Reached XP level 4. HP: 31/35 MP: 4/4
  1460 | D:3      | Slain by a gnoll

Levels and vault maps discovered:
D:1:      lightli_arrival_chessboard, layout_loops_ring, minmay_split_cup_small
D:2:      layout_basic
D:3:      layout_basic, kennysheep_vampire_church, marbit_many_paths,
          uniq_jessica

Skill      XL: |  1  2  3 |
---------------+----------+-----
Axes           | 2 3 |  3.3
Shields        | 3 |  3.1
Fighting       | |  3.0
Armour         | |  2.4

Action                   |  1- 3 |  4- 6 || total
-------------------------+-------+-------++-------
Melee: War axe           |   104 |    13 ||   117
Armor: Scale mail        |    66 |     5 ||    71
Dodge: Dodged            |    44 |     5 ||    49
Block: Shield            |    65 |     4 ||    69
